 Dungeon Crawl Stone Soup version 0.28-a0-724-g66f9036eb4 (webtiles) character file.

Game seed: 2394404843176502860

15812 GordonOverkill the Cleaver (level 12, -21/129 HPs)
             Began as a Djinni Berserker on Oct 27, 2021.
             Was an Elder of Trog.
             Killed from afar by Fannar (31 damage)
             ... with a bolt of cold
             ... on level 1 of the Lair of Beasts.
             The game lasted 00:26:43 (14802 turns).

GordonOverkill the Cleaver (Djinni Berserker)      Turns: 14802, Time: 00:26:44

Health: -21/129    AC: 16    Str: 22    XL:     12   Next: 62%
Gold:   712        EV:  8    Int:  9    God:    Trog [****..] SH: 11 Dex: 14

rFire   + + .      SeeInvis .   f - +4 broad axe (vamp)
rCold   x . .      Faith    .   L - +2 kite shield
rNeg    . . .      Spirit   .   b - +1 plate armour
rPois   ∞          Reflect  .   H - +0 helmet
rElec   .          Harm     .   (no cloak)
rCorr   .          Rampage  .   c - +2 pair of gloves
Will    +++..                   (boots unavailable)
Stlth   ..........              (no amulet)
HPRegen 1.31/turn               (no ring)
MPRegen 0.00/turn               (no ring)

@: berserking, strong-willed, flying, regenerating, studying Dodging, very quick
A: sickness immunity, fire resistance 2, cold vulnerability 1, float, innate
caster, hp casting, extra vitality 1, strong 1, wild magic 2
a: Renounce Religion, Berserk, Trog's Hand, Brothers in Arms


You were on level 1 of the Lair of Beasts.
You worshipped Trog.
Trog was greatly pleased with you.
You visited 2 branches of the dungeon, and saw 12 of its levels.
You also visited: Ossuary.

You collected 820 gold pieces.
You spent 108 gold pieces at shops.

Inventory:

Hand Weapons
 d - the +8 spear of Naruek Gama {flame, Will+ Stlth+}
   (You found it on level 10 of the Dungeon)

   It burns those it strikes, dealing additional fire damage.
   Will:      It increases your willpower.
   Stlth:     It makes you more stealthy.
 f - a +4 vampiric broad axe (weapon)
 u - a +1 hand axe of freezing
Missiles
 w - a throwing net
 J - a curare-tipped dart (quivered)
Armour
 b - a +1 plate armour (worn)
 c - a +2 pair of gloves (worn)
 q - the +1 leather armour "Quneocah" {rC+++ Dex+2 Slay+6 Stlth-}
   (You found it on level 10 of the Dungeon)

   Dex:       It affects your dexterity (+2).
   Slay:      It affects your accuracy & damage with ranged weapons and melee
   (+6).
   rC:        It renders you almost immune to cold.
   Stlth:     It makes you less stealthy.
 H - a +0 helmet (worn)
 L - a +2 kite shield (worn)
Jewellery
 M - a ring of fire
Wands
 a - a wand of acid (14)
 l - a wand of digging (12)
 s - a wand of flame (37)
 t - a wand of iceblast (9)
 G - a wand of paralysis (1)
Scrolls
 e - 3 scrolls of enchant armour
 h - 6 scrolls of teleportation
 i - 2 scrolls of blinking
 n - 2 scrolls of summoning
 r - a scroll of holy word
 v - a scroll of fog
 A - a scroll of vulnerability
 D - 2 scrolls of magic mapping
 E - a scroll of fear
 I - 2 scrolls of immolation
Potions
 g - 2 potions of cancellation
 j - a potion of haste
 k - a potion of mutation
 m - 3 potions of heal wounds
 o - a potion of ambrosia
 p - 8 potions of curing
 x - 2 potions of might
 z - a potion of berserk rage
 B - 4 potions of lignification


   Skills:
 - Level 8.0 Fighting
 * Level 12.7(13.2) Axes
 - Level 5.5(9.9) Maces & Flails
 - Level 2.0 Armour
 + Level 11.6 Dodging
 - Level 4.0 Shields


You couldn't memorise any spells.
You knew the following spells:

 Your Spells              Type           Power      Damage    Failure   Level
a - Foxfire               Conj/Fire      0%         2x1d4     100%        1
b - Blink                 Tloc           0%         N/A       100%        2
c - Dazzling Flash        Conj/Hex       0%         N/A       100%        3
d - Animate Dead          Necr           0%         N/A       100%        4
e - Alistair's Intoxicat  Tmut/Pois      0%         N/A       100%        5
Your spell library was empty.


Dungeon Overview and Level Annotations

Branches:
Dungeon (11/15)            Temple (0/1) D:4            Lair (1/6) D:9
    Orc (0/2) D:9         Ossuary (visited)

Altars:
Okawaru
Vehumet

Shops:
D:4 (   D:10 (

Annotations:
D:5 2 transporters, Mandevil's ghost, novice KoNe
D:8 3 runed translucent doors, anet's ghost, novice GnDe
Lair:1 Fannar


Innate Abilities, Weirdness & Mutations

You are immune to sickness and miasma.
You are immune to poison.
Your flesh is very heat resistant. (rF++)
You are vulnerable to cold. (rC-)
You float through the air rather than walking.
You learn spells naturally, not from books.
Your magical power is your life essence.
You have superior vitality. (+4 HP)
Your muscles are strong. (Str +2)
Your spells are harder to cast, but more powerful.


Message History

Fannar is heavily wounded.
You slash Fannar!
You feel better.
Fannar is heavily wounded.
Fannar hits you with a staff of cold.
* * * LOW HITPOINT WARNING * * *
Fannar freezes you!
* * * LOW HITPOINT WARNING * * *
You closely miss Fannar.
Fannar is heavily wounded.
Fannar hits you but does no damage. Fannar freezes you!
* * * LOW HITPOINT WARNING * * *
You closely miss Fannar.
Fannar is heavily wounded.
You slash the ice beast!
The ice beast is heavily wounded.
You slice the ice beast!!
You feel the power of Trog in you as your rage grows.
You kill the ice beast!
The ice beast disappears in a puff of smoke!
You hit Fannar.
You feel better.
Fannar is severely wounded.
Fannar mumbles some strange words.
Fannar drains the heat from the surrounding environment!
You feel a terrible chill!
* * * LOW HITPOINT WARNING * * *
You closely miss Fannar.
Fannar is severely wounded.
You miss Fannar.
Fannar is severely wounded.
Fannar hits you but does no damage. Fannar freezes you!
* * * LOW HITPOINT WARNING * * *
You hit Fannar.
You feel better.
Fannar is severely wounded.
Fannar hits you but does no damage. Fannar freezes you!
* * * LOW HITPOINT WARNING * * *
You closely miss Fannar.
Fannar is severely wounded.
Fannar casts a spell at you. The bolt of cold hits you!!
You feel a terrible chill!
You die...

#≈≈≈≈≈≈≈≈P≈≈≈
##P≈≈≈≈≈≈≈≈≈≈≈
#...≈≈P≈≈≈≈≈P≈ ..
##............. # ..
###..≈.≈≈≈≈≈≈≈≈≈≈ #>#.
#...P≈.≈P≈≈≈≈≈P≈≈
#.#.##..≈♣≈.P≈≈≈♣♣♣≈≈≈
#...+..≈♣≈≈.≈≈P♣♣ ♣♣♣≈
#..!#@♣♣♣≈P.≈≈≈♣ ♣≈
.##.#P.#e§♣♣≈≈.≈≈≈♣ ♣≈
.....e..##.♣≈≈.≈≈≈≈#
P≈
.....#.###♣♣♣P.≈P♣♣#
## ._. ..# ♣≈.≈≈≈### .
...# ♣≈.≈≈≈..# .....
#♣♣P.≈P≈P.## !...
♣≈≈≈.≈≈≈♣..# ... .
#♣≈≈≈.≈≈≈≈..#


You could see Fannar.

Vanquished Creatures
  A boulder beetle (D:11)
  3 two-headed ogres
  2 cyclopes (D:11)
  An elephant (D:9)
  Joseph (D:7)
  3 black mambas (Lair:1)
  An unseen horror (D:11)
  A cane toad (Lair:1)
  A troll (D:9)
  A polar bear (Lair:1)
  Grinder (D:4)
  3 blink frogs (Lair:1)
  2 vampires (D:9)
  9 yaks
  A wyvern (D:9)
  2 basilisks
  2 wraiths
  A steam dragon (D:5)
  Menkaure (D:6)
  An acid dragon (D:7)
  A water moccasin (D:7)
  3 orc warriors
  2 black bears
  2 hornet zombies
  A sky beast (D:6)
  2 necrophages
  3 ogres
  A phantom (D:7)
  4 centaurs
  7 kobold brigands
  A bullfrog (Lair:1)
  A wyvern zombie (D:7)
  4 scorpions
  6 water moccasin zombies
  7 gnoll sergeants
  A wyvern skeleton (D:7)
  8 killer bees
  3 bullfrog zombies (D:5)
  3 electric eels
  4 howler monkeys
  A lava snake (D:7)
  2 centaur zombies
  A bullfrog skeleton (D:6)
  4 gnoll shamans
  3 orc priests
  A hound (D:6)
  3 iguanas (D:5)
  Jessica (D:3)
  Natasha (thrice) (D:4)
  9 orc wizards
  A killer bee zombie (D:7)
  A hound zombie (D:5)
  A hound skeleton (D:5)
  2 mummies (Ossuary)
  7 adders
  29 gnolls
  A howler monkey skeleton (D:6)
  A howler monkey zombie (D:9)
  2 shadow imps
  3 ufetubi
  4 adder skeletons
  5 adder zombies (Ossuary)
  A worm (D:3)
  A dart slug (D:2)
  34 orcs
  10 ball pythons
  10 endoplasms
  6 giant cockroaches
  6 goblins
  5 hobgoblins
  22 kobolds
  2 quokkas
  6 bats
  3 frilled lizards
  8 gnoll zombies (Ossuary)
  3 hobgoblin zombies (Ossuary)
  5 kobold zombies (Ossuary)
  5 orc zombies (Ossuary)
  5 rats
319 creatures vanquished.

Vanquished Creatures (collateral kills)
  A death knight (D:11)
  A water moccasin (D:8)
  An orc warrior (D:9)
  An ogre (D:9)
  A kobold brigand (D:9)
  A gnoll sergeant (D:9)
  An orc wizard (D:8)
  3 orcs
10 creatures vanquished.

Vanquished Creatures (others)
  6 fungi
  50 plants
56 creatures vanquished.

Grand Total: 385 creatures vanquished

Notes
Turn   | Place    | Note
-------+----------+-------------------------------------------
     0 | D:1      | GordonOverkill the Djinni Berserker began the quest for the
                  | Orb.
     0 | D:1      | Reached XP level 1. HP: 20/20 MP: 0/0
   173 | D:1      | Reached XP level 2. HP: 23/25 MP: 0/0
   278 | D:1      | You are sucked into a shaft and drop 1 floor!
   381 | D:2      | Reached skill level 3 in Axes
   381 | D:2      | Reached XP level 3. HP: 30/30 MP: 0/0
   381 | D:2      | Learned a level 1 spell: Foxfire
   444 | D:2      | Reached ** piety under Trog
   494 | D:2      | Reached XP level 4. HP: 31/36 MP: 0/0
   637 | D:2      | Reached skill level 1 in Maces & Flails
   637 | D:2      | Reached XP level 5. HP: 40/41 MP: 0/0
   637 | D:2      | Learned a level 2 spell: Blink
  1300 | D:2      | Found a faded altar of an unknown god.
  2287 | D:3      | Reached *** piety under Trog
  2288 | D:3      | Reached XP level 6. HP: 45/47 MP: 0/0
  2644 | D:3      | Noticed Jessica
  2645 | D:3      | Found an iron altar of Okawaru.
  2659 | D:3      | Killed Jessica
  3366 | D:4      | Noticed Grinder
  3366 | D:4      | Found Oghar's Weapon Shop.
  3376 | D:4      | Killed Grinder
  3377 | D:4      | Reached skill level 5 in Fighting
  3377 | D:4      | Reached XP level 7. HP: 54/54 MP: 0/0
  3377 | D:4      | Learned a level 3 spell: Dazzling Flash
  3884 | D:4      | Noticed Natasha
  3894 | D:4      | Killed Natasha
  3985 | D:4      | Noticed Natasha
  3996 | D:4      | Killed Natasha
  4043 | D:4      | Found a staircase to the Ecumenical Temple.
  4080 | D:4      | Reached XP level 8. HP: 61/61 MP: 0/0
  4384 | D:4      | Noticed Natasha
  4392 | D:4      | Killed Natasha
  4552 | D:4      | Reached skill level 5 in Maces & Flails
  4647 | D:5      | Entered Level 5 of the Dungeon
  4857 | D:5      | Reached skill level 4 in Axes
  4907 | D:5      | Found a transporter.
  4910 | D:5      | Noticed Mandevil's ghost (novice KoNe)
  4912 | D:5      | Identified the +8 dire flail of the Ring {vamp, rF+ rC+}
  4927 | D:5      | Reached **** piety under Trog
  4929 | D:5      | Found a transporter.
  5081 | D:5      | Reached XP level 9. HP: 67/67 MP: 0/0
  5081 | D:5      | Learned a level 4 spell: Animate Dead
  5167 | D:5      | Reached skill level 5 in Axes
  5854 | D:6      | Reached skill level 6 in Axes
  5935 | D:6      | Identified a scroll of acquirement
  5935 | D:6      | Acquired a manual of Dodging
  5996 | D:6      | Noticed Menkaure
  6159 | D:6      | Killed Menkaure
  6241 | D:6      | Gained mutation: You have a pair of small horns on your
                  | head. [potion of mutation]
  6241 | D:6      | Gained mutation: Your body sometimes deteriorates upon
                  | taking damage. [potion of mutation]
  6399 | D:6      | Lost mutation: You have a pair of small horns on your head.
                  | [potion of mutation]
  6399 | D:6      | Lost mutation: Your body sometimes deteriorates upon taking
                  | damage. [potion of mutation]
  6399 | D:6      | Gained mutation: Your spells are a little harder to cast,
                  | but a little more powerful. [potion of mutation]
  6399 | D:6      | Gained mutation: Your muscles are strong. (Str +2) [potion
                  | of mutation]
  6399 | D:6      | Gained mutation: Your spells are harder to cast, but more
                  | powerful. [potion of mutation]
  6484 | D:7      | Found a sand-covered staircase.
  6488 | Ossuary  | Entered an ossuary
  6858 | Ossuary  | Reached XP level 10. HP: 76/76 MP: 0/0
  6860 | Ossuary  | Reached skill level 5 in Dodging
  6910 | D:7      | Reached ***** piety under Trog
  6911 | D:7      | Reached skill level 7 in Axes
  7516 | D:7      | Noticed Joseph
  7525 | D:7      | Killed Joseph
  7526 | D:7      | Reached skill level 8 in Axes
  8230 | D:8      | Reached skill level 1 in Shields
  8430 | D:8      | Noticed a green ugly thing
  8431 | D:8      | Noticed anet's ghost (novice GnDe)
  8436 | D:8      | Found a runed translucent gate.
  8436 | D:8      | Found a runed translucent gate.
  8436 | D:8      | Found a runed translucent gate.
  8437 | D:8      | Noticed a cyclops
  8704 | D:8      | Noticed a two-headed ogre
  8715 | D:8      | Killed a two-headed ogre
  8716 | D:8      | Reached skill level 9 in Axes
  9286 | D:8      | Noticed a two-headed ogre
  9294 | D:8      | Killed a two-headed ogre
  9295 | D:8      | Reached XP level 11. HP: 81/81 MP: 0/0
  9295 | D:8      | Learned a level 5 spell: Alistair's Intoxication
  9829 | D:9      | Reached skill level 10 in Axes
  9893 | D:9      | Found a staircase to the Orcish Mines.
 11177 | D:9      | Found a staircase to the Lair.
 11341 | D:9      | Noticed an elephant
 11362 | D:9      | Killed an elephant
 11363 | D:9      | Reached skill level 11 in Axes
 11681 | D:10     | Entered Level 10 of the Dungeon
 12214 | D:10     | Found Hiemi's Antique Weapon Shop.
 12246 | D:10     | Identified the +8 spear of Naruek Gama {flame, Will+
                  | Stlth+}
 12264 | D:10     | Bought a broad axe for 108 gold pieces
 12841 | D:10     | Identified the +1 leather armour "Quneocah" {rC+++ Dex+2
                  | Slay+6 Stlth-}
 12906 | D:11     | Noticed a death knight
 12915 | D:11     | Killed a death knight
 13121 | D:11     | Noticed a two-headed ogre
 13130 | D:11     | Killed a two-headed ogre
 13131 | D:11     | Reached XP level 12. HP: 86/86 MP: 0/0
 13355 | D:11     | Noticed a boulder beetle
 13369 | D:11     | Killed a boulder beetle
 13370 | D:11     | Reached skill level 12 in Axes
 13370 | D:11     | Reached skill level 10 in Dodging
 14152 | Lair:1   | Entered Level 1 of the Lair of Beasts
 14779 | Lair:1   | Noticed Fannar
 14802 | Lair:1   | Killed from afar by Fannar

Illustrated notes

Levels and vault maps discovered:
D:1:      dpeg_arrival_rooms_c, layout_basic
D:2:      layout_loops_ring, ebering_ecumenical_altar_ruins,
          minmay_misc_feat_square
D:3:      layout_basic, mainiacjoe_overflow_brackets, minmay_bisected,
          uniq_jessica
D:4:      cheibrodos_pilgrimage, layout_cave_pools, minmay_temple_entry_ruins,
          chequers_serial_rivers_small_a, nicolae_stop_n_shop_1, st_stairs_2,
          minivault_26, corexii_hall_statues_deadend, uniq_natasha, uniq_grinder
D:5:      layout_cave_pools, gammafunk_ghost_smash
D:6:      layout_rooms, hangedman_decor_riveting, uniq_menkaure
D:7:      layout_loops_cross, nicolae_ossuary_entry_plus, serial_bayou_lagoon_a,
          kennysheep_generic_room_4, uniq_joseph
D:8:      layout_basic, gammafunk_ghost_split
D:9:      layout_basic, david_lair_generic,
          kennysheep_orc_monster_closet_entryway,
          chequers_serial_rivers_micro_a, nicolae_water_bricks, minivault_16,
          minmay_misc_feat_pillars, minivault_22
D:10:     layout_irregular_city, serial_shops, nicolae_diamond_shop
D:11:     layout_stronghold
Lair:1:   layout_roguey, basic_altar, serial_bayou_lagoon_b, grunt_megastairs_5,
          uniq_fannar

Skill      XL: |  1  2  3  4  5  6  7  8  9 10 11 12 |
---------------+-------------------------------------+-----
Axes           | 3 4 6 9 11 12 | 12.7
Maces & Flails | 1 2 3 4 5 |  5.5
Fighting       | 4 5 6 7 8 |  8.0
Dodging        | 4 7 9 11 | 11.6
Shields        | 2 4 |  4.0
Armour         | |  2.0

Action                   |  1- 3 |  4- 6 |  7- 9 | 10-12 || total
-------------------------+-------+-------+-------+-------++-------
Melee: Hand axe          |    53 |     3 |       |       ||    56
       Flail             |       |   158 |   460 |   555 ||  1173
       Broad axe         |       |       |       |   147 ||   147
Throw: Dart              |       |       |       |     2 ||     2
Invok: Berserk           |     3 |     5 |    19 |    27 ||    54
       Trog's Hand       |       |     1 |     3 |     7 ||    11
       Brothers in Arms  |       |       |       |     5 ||     5
Evoke: Wand              |       |       |       |     6 ||     6
  Use: Scroll            |       |     6 |     9 |    16 ||    31
       Potion            |       |       |     3 |       ||     3
 Stab: Paralysed         |       |       |       |     4 ||     4
Armor: Animal skin       |    29 |     5 |       |       ||    34
       Plate armour      |       |   102 |   363 |   392 ||   857
       Ring mail         |       |     4 |       |       ||     4
Dodge: Dodged            |    35 |    35 |   144 |   200 ||   414
Block: Buckler           |       |       |       |    52 ||    52
       Kite shield       |       |       |       |   165 ||   165

Table legend: (Time is in decaauts)
 A = Elapsed time spent in this place.
 B = Non-inter-level travel time spent in this place.
 C = Inter-level travel time spent in this place.
 D = Time resting spent in this place.
 E = Time spent auto-exploring this place.
 F = Levels seen in this place.
 G = Mean time per level.
                   A        B        C        D        E       F      G
               +--------+--------+--------+--------+--------+-----+--------+
         Total |  15382 |  14872 |    510 |   4446 |   7047 |  13 | 1183.2 |
       Dungeon |  14291 |  13782 |    509 |   3937 |   6881 |  11 | 1299.2 |
          Lair |    667 |    667 |      0 |    324 |    165 |   1 |  667.0 |
       Ossuary |    422 |    422 |      0 |    185 |      0 |   1 |  422.0 |
               +--------+--------+--------+--------+--------+-----+--------+

Top non-repeatable levels by time:
     D:9: 1947 daAuts
     D:8: 1832 daAuts
     D:3: 1785 daAuts
     D:4: 1369 daAuts
    D:10: 1277 daAuts
    D:11: 1257 daAuts
     D:7: 1251 daAuts
     D:5: 1217 daAuts
     D:2: 1090 daAuts
  Lair:1: 667 daAuts
     D:6: 665 daAuts
     D:1: 597 daAuts
 Ossuary: 422 daAuts
